 Dungeon Crawl Stone Soup version 0.30.1-11-g7821555f0a (webtiles) character file.

Game seed: 1585663645977685084

668 Peloso the Covered (level 7, -5/61 HPs)
             Began as a Minotaur Fighter on Nov 15, 2023.
             Killed by nerve-wracking pain
             ... invoked by Menkaure
              (7 damage)
             ... on level 4 of the Dungeon.
             The game lasted 00:05:54 (3695 turns).

Peloso the Covered (Minotaur Fighter)               Turns: 3695, Time: 00:05:55

Health: -5/61      AC: 10    Str: 19 (20) XL:     7   Next: 32%
Magic:  6/6        EV:  8    Int:  5      God:
Gold:   163        SH:  5    Dex: 12      Spells: 6/6 levels left

rFire   . . .        a - +0 long sword
rCold   . . .        d - +0 buckler
rNeg    . . .        c - +0 chain mail
rPois   .            (helmet restricted)
rElec   .            (no cloak)
rCorr   .            (no gloves)
SInv    .            (no boots)
Will    .....        (no amulet) Stlth
                     (no ring)
HPRegen 0.30/turn    (no ring)
MPRegen 0.10/turn

%: no passive effects
@: no status effects
A: horns 2, retaliatory headbutt
a: no special abilities


You were on level 4 of the Dungeon.
You visited 1 branch of the dungeon, and saw 4 of its levels.

You collected 163 gold pieces.

Inventory:

Hand Weapons
 a - a +0 long sword (weapon)
Missiles
 l - a throwing net (quivered)
Armour
 b - a +0 scale mail
 c - a +0 chain mail (worn)
 d - a +0 buckler (worn)
Jewellery
 m - a ring of willpower
 s - an amulet of magic regeneration
Scrolls
 e - 3 scrolls of identify {unknown}
 g - a scroll of noise {unknown}
 h - a scroll of magic mapping {unknown}
 i - 4 scrolls of vulnerability {unknown}
 j - 4 scrolls of blinking {unknown}
 p - a scroll of fear {unknown}
 t - 3 scrolls of teleportation {unknown}
 u - a scroll of enchant armour {unknown}
Potions
 n - a potion of flight {unknown}
 o - a potion of haste
 q - a potion of mutation {unknown}
 r - a potion of brilliance


   Skills:
 + Level 5.2 Fighting
 + Level 6.0 Long Blades
 + Level 6.5 Armour
 + Level 2.2 Dodging
 + Level 0.4 Stealth
 + Level 4.6 Shields


You had 6 spell levels left.
You didn't know any spells.
Your spell library contained the following spells:

 Spells                   Type           Power      Damage    Failure   Level
 Sting                    Tmut/Pois      0%         1d3       99%         1
 Poisonous Vapours        Pois/Air       0%         N/A       100%        2
 Olgreb's Toxic Radiance  Pois           0%         N/A       100%        4
 Summon Forest            Summ/Tloc      0%         N/A       100%        5
 Eringya's Noxious Bog    Tmut/Pois      0%         N/A       100%        6
 Summon Hydra             Summ           0%         N/A       100%        7


Dungeon Overview and Level Annotations

Branches:
Dungeon (4/15)
 Temple: D:4-7

Altars:
Cheibriados
Xom

Annotations:
D:3 Dig
D:4 Menkaure


Innate Abilities, Weirdness & Mutations

You have a pair of horns on your head.
You reflexively headbutt those who attack you in melee.


Message History

There is an open door here.
Things that are here:
a jackal corpse; a jackal corpse You open the door.
There is an open door here.
Menkaure, Prince of Dust comes into view.
Menkaure calls on the powers of darkness!
Your body is wracked with pain!
Menkaure is nearby!
Menkaure is nearby!
Menkaure points at you and mumbles some strange words.
Pain shoots through your body!
You hit Menkaure.
Menkaure is lightly damaged.
Menkaure hits you!
You slash Menkaure!
Menkaure is heavily damaged.
Menkaure hits you!
* * * LOW HITPOINT WARNING * * *
You hit Menkaure. Your headbutt misses Menkaure.
Menkaure is severely damaged.
Menkaure casts a spell.
Menkaure seems to speed up.
You hit Menkaure.
Menkaure is almost destroyed.
Menkaure hits you.
* * * LOW HITPOINT WARNING * * *
You barely miss Menkaure.
Menkaure is almost destroyed.
You block Menkaure's attack. Menkaure barely misses you.
You closely miss Menkaure.
Menkaure is almost destroyed.
Menkaure gestures at you while chanting.
Pain shoots through your body!
* * * LOW HITPOINT WARNING * * *
You hit Menkaure.
Menkaure is almost destroyed.
Menkaure casts a spell at you. Pain shoots through your body!
You die...

....#........
.)..#........
....#........
..†##...##...
†..##...##############
...#.................#
...#.................#
...#.................#
...'............@M...#
...#.................#
######################


You could see Menkaure (fast).

Vanquished Creatures
  Edmund (D:4)
  2 scorpions (D:4)
  4 crimson imps (D:3)
  An iron imp (D:4)
  Ijyb (D:3)
  An orc wizard (D:4)
  2 iguanas
  Robin (D:2)
  6 adders
  A white imp (D:4)
  A worm (D:4)
  4 dart slugs
  8 orcs (D:4)
  4 endoplasms
  A giant cockroach (D:3)
  15 goblins
  8 hobgoblins
  4 jackals (D:4)
  3 quokkas
  7 ball pythons
  7 bats
  A frilled lizard (D:1)
  7 kobolds
  6 rats
96 creatures vanquished.

Notes
Turn   | Place    | Note
-------+----------+-------------------------------------------
     0 | D:1      | Peloso the Minotaur Fighter began the quest for the Orb.
     0 | D:1      | Reached XP level 1. HP: 19/19 MP: 0/0
   192 | D:1      | Reached XP level 2. HP: 16/27 MP: 1/1
   744 | D:2      | Reached XP level 3. HP: 32/33 MP: 2/2
   808 | D:2      | Noticed Robin
   840 | D:2      | Killed Robin
  1391 | D:2      | Reached skill level 1 in Dodging
  1391 | D:2      | Reached XP level 4. HP: 36/40 MP: 3/3
  1752 | D:3      | Noticed Ijyb
  1846 | D:3      | Killed Ijyb
  2245 | D:3      | Reached XP level 5. HP: 46/46 MP: 4/4
  2281 | D:3      | Found a shimmering altar of Xom.
  2288 | D:3      | Reached skill level 5 in Armour
  2321 | D:3      | Reached XP level 6. HP: 32/53 MP: 5/5
  2425 | D:3      | Found a faded altar of an unknown god.
  2867 | D:4      | Reached skill level 5 in Long Blades
  3119 | D:4      | Reached skill level 5 in Fighting
  3245 | D:4      | Found a snail-covered altar of Cheibriados.
  3281 | D:4      | Noticed Edmund
  3324 | D:4      | HP: 2/56 [Edmund/+1 dire flail of holy wrath (3)]
  3327 | D:4      | Killed Edmund
  3328 | D:4      | Reached XP level 7. HP: 3/61 MP: 6/6
  3684 | D:4      | Noticed Menkaure
  3694 | D:4      | HP: 2/61 [Menkaure/nerve-wracking pain (6)]
  3695 | D:4      | Killed from afar by Menkaure

Illustrated notes

Levels and vault maps discovered:
D:1:      dpeg_arrival_tiny_g, layout_loops_cross, serial_bayou_crossing
D:2:      layout_basic, uniq_robin
D:3:      layout_loops_ring, led_xom_imps,
          shapermc_ecumenical_altar_totnotflames, due_unseen_surprise, uniq_ijyb
D:4:      layout_gridville, chei_slow_surprise, uniq_pikel, uniq_menkaure,
          uniq_edmund

Skill      XL: |  1  2  3  4  5  6  7 |
---------------+----------------------+-----
Fighting       | 4 5 |  5.2
Armour         | 4 5 6 |  6.5
Long Blades    | 3 4 5 6 |  6.0
Shields        | 4 |  4.6
Dodging        | 1 2 |  2.2
Stealth        | |  0.4

Action                     |  1- 3 |  4- 6 |  7- 9 || total
---------------------------+-------+-------+-------++-------
  Melee: Long sword        |   102 |   185 |    28 ||   315
         Headbutt          |    11 |    37 |     5 ||    53
    Use: Potion            |     2 |     5 |       ||     7
 Armour: Scale mail        |    71 |       |       ||    71
         Chain mail        |       |   102 |    15 ||   117
         Skin              |       |    10 |       ||    10
  Dodge: Dodged            |    59 |    64 |     8 ||   131
  Block: Buckler           |    36 |    24 |     5 ||    65
